 Dungeon Crawl Stone Soup version 0.30-a0-782-ge64f9170bb (webtiles) character file.

Game seed: 13986181241974263515

63 Dirtsage the Ruffian (level 3, -1/36 HPs)
             Began as a Troll Fighter on Feb 23, 2023.
             Killed by nerve-wracking pain
             ... invoked by an orc priest
              (6 damage)
             ... on level 3 of the Dungeon.
             The game lasted 00:02:41 (1624 turns).

Dirtsage the Ruffian (Troll Fighter)                Turns: 1624, Time: 00:02:42

Health: -1/36      AC:  4    Str: 24    XL:     3   Next: 87%
Magic:  2/2        EV:  8    Int:  4    God:
Gold:   81         SH:  8    Dex: 11    Spells: 2/2 levels left

rFire   . . .      SeeInvis .      - Unarmed
rCold   . . .      Faith    .    b - +0 kite shield
rNeg    . . .      Spirit   .    a - +0 robe
rPois   .          Reflect  .    (helmet restricted)
rElec   .          Harm     +    j - scarf {harm}
rCorr   .          Rampage  .    (gloves unavailable)
Will    +....                    (boots unavailable)
Stlth   +                        (no amulet)
HPRegen 1.06/turn                c - ring of willpower
MPRegen 0.08/turn                (no ring)

@: no status effects
A: large, unfitting armour, claws 3, regeneration 1, shaggy fur 1, tough skin 1
a: no special abilities


You were on level 3 of the Dungeon.
You visited 1 branch of the dungeon, and saw 3 of its levels.

You collected 81 gold pieces.

Inventory:

Armour
 a - a +0 robe (worn)
 b - a +0 kite shield (worn)
 j - a scarf of harm (worn)
Magical Staves
 k - a staff of cold
Jewellery
 c - a ring of willpower (left claw)
Scrolls
 e - 2 scrolls of fear {unknown}
 g - a scroll of magic mapping {unknown}
 h - a scroll of identify {unknown}
 m - a scroll of teleportation {unknown}
Potions
 d - a potion of might
 f - 4 potions of lignification {unknown}
 i - a potion of curing {unknown}
 l - 2 potions of haste {unknown}


   Skills:
 + Level 2.9 Fighting
 - Level 2.4 Dodging
 + Level 3.0 Shields
 * Level 3.4 Unarmed Combat


You had 2 spell levels left.
You didn't know any spells.
Your spell library was empty.

Dungeon Overview and Level Annotations

Branches:
Dungeon (3/15)

Altars:
Zin


Innate Abilities, Weirdness & Mutations

You are too large for most types of armour.
You have claws for hands.
Your natural rate of healing is unusually fast.
You are covered in fur. (AC +1)
You have tough skin. (AC +1)


Message History

An orc is wielding a +0 flail of draining.
An orc priest, an orc and a hobgoblin come into view.
The orc shouts!
The hobgoblin shouts!
The orc priest looks satisfied for a moment.
You see here a +0 club.
You swing at nothing.
You swing at nothing.
You swing at nothing.
You swing at nothing.
You closely miss the orc. You block the orc's attack.
You scratch the orc.
The orc is severely wounded.
The orc barely misses you.
You claw the orc!
You kill the orc!
The orc priest mumbles some strange prayers to Beogh against you.
Beogh smites you!
You take 13 damage, and have 23/36 hp.
MASSIVE DAMAGE!!
You scratch the hobgoblin.
You kill the hobgoblin!
You claw the orc!
You kill the orc!
You closely miss the orc. The orc closely misses you.
The orc priest mumbles some strange prayers to Beogh against you.
Beogh smites you!
You take 12 damage, and have 13/36 hp.
MASSIVE DAMAGE!!
You claw the orc!
You kill the orc!
You scratch the orc priest.
The orc priest is moderately wounded.
You block the orc priest's attack.
The orc priest calls down the wrath of Beogh upon you.
Beogh smites you!
* * * LOW HITPOINT WARNING * * *
You take 10 damage, and have 4/36 hp.
MASSIVE DAMAGE!!
You barely miss the orc priest.
The orc priest is moderately wounded.
The orc priest invokes the aid of Beogh against you.
Pain shoots through your body!
You die...

## ##....... .##
#........ ..####
#........ #[...##
#........
####..####
#........ ##....#
##<....... ####.#
#o......?.
########.#
#o########
.......#.# #@#
#......#.# ###.#
#........#####...#
............##.#.#
.......##........#
...........#.##..#
#......#...#..##.#
#...)..##..##......
......)..#..
###.###


You could see 2 orc priests.

Vanquished Creatures
  An adder (D:2)
  A worm (D:2)
  A dart slug (D:2)
  4 orcs (D:3)
  5 bats
  7 endoplasms
  2 giant cockroaches
  2 goblins
  4 hobgoblins
  6 kobolds
  A quokka (D:3)
  2 ball pythons (D:1)
  3 rats
39 creatures vanquished.

Notes
Turn   | Place    | Note
-------+----------+-------------------------------------------
     0 | D:1      | Dirtsage the Troll Fighter began the quest for the Orb.
     0 | D:1      | Reached XP level 1. HP: 22/22 MP: 0/0
   172 | D:1      | Reached XP level 2. HP: 29/29 MP: 1/1
   828 | D:2      | Reached XP level 3. HP: 36/36 MP: 2/2
  1310 | D:2      | Found a glowing silver altar of Zin.
  1624 | D:3      | Killed from afar by an orc priest

Illustrated notes

Levels and vault maps discovered:
D:1:      tarquinn_simple_flora_water_b, layout_loops_ring, glass_columns_a,
          minmay_misc_feat_ornament, minmay_misc_feat_tower
D:2:      layout_basic, basic_altar
D:3:      layout_rooms, hangedman_decor_slide_cut, minivault_27,
          chequers_decorated_corner

Skill      XL: |  1  2  3 |
---------------+----------+-----
Unarmed Combat | 3 |  3.4
Shields        | 3 |  3.0
Fighting       | |  2.9
Dodging        | |  2.4

Action                     || total
---------------------------++-------
  Melee: Unarmed           ||    82
 Armour: Robe              ||    30
  Dodge: Dodged            ||    27
  Block: Kite shield       ||    27

Table legend: (Time is in decaauts)
 A = Elapsed time spent in this place.
 B = Non-inter-level travel time spent in this place.
 C = Inter-level travel time spent in this place.
 D = Time resting spent in this place.
 E = Time spent auto-exploring this place.
 F = Levels seen in this place.
 G = Mean time per level.
                   A        B        C        D        E       F      G
               +--------+--------+--------+--------+--------+-----+--------+
         Total |   1630 |   1594 |     36 |      0 |   1373 |   3 |  543.3 |
       Dungeon |   1630 |   1594 |     36 |      0 |   1373 |   3 |  543.3 |
               +--------+--------+--------+--------+--------+-----+--------+

Top non-repeatable levels by time:
     D:2: 762 daAuts
     D:1: 724 daAuts
     D:3: 143 daAuts
